 Dungeon Crawl Stone Soup version 0.19-a0-1292-g796ee4d (webtiles) character file.

1558 jacquesderrida the Skirmisher (level 8, -6/45 HPs)
             Began as a Vine Stalker Wanderer on Aug 30, 2016.
             Was a Follower of Ashenzari.
             Mangled by Joseph
             ... wielding a +4 quarterstaff
              (17 damage)
             ... on level 8 of the Dungeon.
             The game lasted 00:18:03 (2565 turns).

jacquesderrida the Skirmisher (VSWn)                Turns: 2565, Time: 00:18:03

Health: -6/45      AC: 10    Str: 14    XL:     8   Next: 89%
Magic:  0/12       EV: 16    Int: 14    God:    Ashenzari [*.....]
Gold:   174        SH:  0    Dex: 20    Spells: 0 memorised, 11 levels left

rFire  . . .     SeeInvis .     n - +2 dagger (venom)
rCold  . . .     Gourm    .     q - +0 scale mail
rNeg   . . .     Faith    .     (no shield)
rPois  .         Spirit   +     p - +2 helmet (curse)
rElec  .         Dismiss  .     (no cloak)
rCorr  .         Reflect  .     (no gloves)
MR     +....     Harm     .     (no boots)
Stlth  ++........               (no amulet)
                                (no ring)
                                (no ring)

@: agile
A: fangs 3, regeneration 1, magic shield, antimagic bite, no device heal 3, rot
immunity
a: Curse Item, Scrying, Renounce Religion


You were on level 8 of the Dungeon.
You worshipped Ashenzari.
Ashenzari was aware of your devotion.
You were not hungry.

You visited 2 branches of the dungeon, and saw 10 of its levels.
You also visited: Sewer.

You collected 174 gold pieces.

Inventory:

Hand Weapons
 d - a +2 dagger of protection
 e - a +0 blowgun
 n - a +2 dagger of venom (weapon)
 D - a +1 great sword
Missiles
 k - 21 poisoned needles
 o - 3 tomahawks of dispersal (quivered)
Armour
 f - a +0 robe
 p - a cursed +2 helmet (worn)
 q - a +0 scale mail (worn)
 u - a +0 ice dragon armour
Jewellery
 C - an uncursed ring of stealth
Wands
 i - a wand of flame (0/48)
 z - a wand of slowing (16/48)
Scrolls
 c - 2 scrolls of teleportation
 r - a scroll of remove curse
 t - a scroll of fear
 x - a scroll of blinking
Potions
 a - a potion of magic
 b - 7 potions of heal wounds
 h - 2 potions of brilliance
 m - a potion of mutation {unknown}
 A - a potion of curing
Comestibles
 g - 2 bread rations
 l - 3 fruits
 s - a royal jelly


   Skills:
 + Level 6.8 Fighting
 - Level 2.5(2.8) Short Blades
 + Level 1.7(2.4) Long Blades
 - Level 1.0 Throwing
 + Level 3.5 Armour
 + Level 4.0 Dodging
 - Level 3.6 Stealth
 - Level 2.1 Spellcasting
   Level 3.0 Fire Magic


You had 11 spell levels left.
You didn't know any spells.

Dungeon Overview and Level Annotations

Branches:
Dungeon (9/15)             Temple (1/1) D:6
   Lair: D:8-11         Orc: D:9-12

Altars:
Ashenzari
Dithmenos
Elyvilon
Fedhas
Gozag
Hepliaklqana
Kikubaaqudgha
Makhleb
Nemelex Xobeh
Qazlal
Sif Muna
Trog
Uskayaw
Vehumet
Yredelemnul

Annotations:
D:3 slayr's ghost, weakling DsAK
D:8 Joseph


Innate Abilities, Weirdness & Mutations

You have razor-sharp teeth.
Your natural rate of healing is unusually fast.
When hurt, damage is shared between your health and your magic reserves.
Your bite disrupts and absorbs the magic of your enemies.
Potions and wands cannot restore your health.
You are immune to rotting.


Message History

You hit Joseph. You bite Joseph. You drain his power.
You feel invigorated.
Joseph is lightly wounded.
Joseph hits you but does no damage.
You hit Joseph.
Joseph looks as sick as possible!
You bite Joseph, but do no damage.
Joseph is moderately wounded.
Joseph closely misses you.
You hit Joseph but do no damage.
Joseph is moderately wounded.
You closely miss Joseph. Your bite misses Joseph.
Joseph is moderately wounded.
Joseph hits you with an uncursed enchanted quarterstaff!
You hit Joseph. You bite Joseph, but do no damage.
Joseph is moderately wounded.
Joseph hits you with an uncursed enchanted quarterstaff!
* * * LOW HITPOINT WARNING * * *
You barely miss Joseph.
Joseph is moderately wounded.
Joseph hits you with an uncursed enchanted quarterstaff!!
You die...

#.⌠. ##... ....#
##..# ...' #...#
####..# #...# #
#..#..# #...# #.
#..'.@+ #...##
#..####.@# #....#
#.......(####..#.#
#.......((.....#.#
#.....[.......#..#
#############.#.##
#.#.<# #....#
........#
.........


You could see Joseph.

Vanquished Creatures
  A hungry ghost (D:7)
  A hippogriff (D:8)
  Menkaure (D:6)
  An ice beast (D:6)
  A phantom (D:6)
  2 ogres
  A gnoll sergeant (D:8)
  A water moccasin skeleton (D:6)
  A scorpion (D:5)
  A wasp zombie (D:5)
  A centaur zombie (D:5)
  2 orc priests
  A giant frog zombie (D:7)
  5 orc wizards
  A centaur skeleton (D:6)
  A giant frog skeleton (D:4)
  2 hounds
  4 worker ants
  A gnoll (D:8)
  12 adders
  An adder zombie (D:6)
  A dart slug (D:3)
  2 giant geckos
  7 orcs
  5 giant cockroaches
  3 goblins
  2 hobgoblins
  6 jackals
  A ball python (D:3)
  3 bats
  A giant gecko skeleton (D:4)
  4 giant newts
  6 kobolds
  A quokka zombie (D:7)
  A plant (Sewer)
85 creatures vanquished.

Notes
Turn   | Place    | Note
-------+----------+-------------------------------------------
     0 | D:1      | jacquesderrida the Vine Stalker Wanderer began the quest for the Orb.
     0 | D:1      | jacquesderrida set off with: a +2 dagger, a potion of heal wounds, a scroll of teleportation, 11 poisoned needles, a +0 blowgun, a +0 robe, a bread ration
     0 | D:1      | Reached XP level 1. HP: 10/10 MP: 4/4
    47 | D:2      | Found a white marble altar of Elyvilon.
    47 | D:2      | Found a shattered altar of Ashenzari.
    48 | D:2      | Found a deep blue altar of Sif Muna.
    48 | D:2      | Found a stormy altar of Qazlal.
    57 | D:2      | Became a worshipper of Ashenzari the Shackled
    85 | D:2      | Reached skill level 2 in Fighting
    85 | D:2      | Reached XP level 2. HP: 5/15 MP: 6/6
   284 | D:3      | Found a hide-covered altar of Uskayaw.
   437 | D:3      | Reached XP level 3. HP: 17/19 MP: 5/7
   530 | D:3      | Noticed slayr's ghost (weakling DsAK)
   798 | D:4      | Reached skill level 3 in Fighting
   798 | D:4      | Reached skill level 1 in Short Blades
   798 | D:4      | Reached skill level 1 in Dodging
   798 | D:4      | Gained mutation: Your natural rate of healing is unusually fast. [Vine Stalker growth]
   798 | D:4      | Reached XP level 4. HP: 23/24 MP: 8/8
   996 | D:4      | Found an ancient bone altar of Kikubaaqudgha.
  1204 | D:5      | Entered Level 5 of the Dungeon
  1231 | D:5      | Reached XP level 5. HP: 28/28 MP: 9/9
  1274 | D:5      | Found a glowing drain.
  1331 | Sewer    | Entered a sewer
  1353 | Sewer    | Reached XP level 6. HP: 28/33 MP: 10/10
  1360 | Sewer    | Reached skill level 4 in Fighting
  1586 | Sewer    | NAH
  1763 | D:5      | Reached skill level 1 in Armour
  1855 | D:6      | Found a staircase to the Ecumenical Temple.
  1868 | Temple   | Entered the Ecumenical Temple
  1872 | Temple   | Eeeeek
  1900 | D:6      | Reached XP level 7. HP: 34/38 MP: 11/11
  1980 | D:6      | Reached * piety under Ashenzari
  1983 | D:6      | Noticed Menkaure
  2000 | D:6      | Reached skill level 5 in Fighting
  2002 | D:6      | Killed Menkaure
  2072 | D:6      | Gained mutation: You have razor-sharp teeth. [Vine Stalker growth]
  2072 | D:6      | Reached XP level 8. HP: 41/44 MP: 12/12
  2094 | D:6      | Reached skill level 6 in Fighting
  2210 | D:7      | Noticed Joseph
  2391 | D:7      | Reached skill level 1 in Long Blades
  2493 | D:7      | Found a burning altar of Makhleb.
  2493 | D:7      | Noticed a green death
  2496 | D:7      | Noticed a hellwing
  2496 | D:7      | Noticed a ynoxinul
  2565 | D:8      | Mangled by Joseph

Vault maps used:
D:1:      minmay_arrival_three_doors
D:2:      grunt_temple_overflow_open, feat_on_display, uniq_terence
D:3:      eat_drink_and_be_merry_uskayaw, serial_aquarium,
          aquarium_bridge_square, aquarium_window_fake, aquarium_window_2,
          aquarium_window_corridor_1, aquarium_view_2d, aquarium_view_2b,
          aquarium_balcony_double_3, aquarium_pool_S
D:4:      nicolae_overflow_hidden_temple
D:5:      lemuel_doored_altar, portal_sewer_entry_f, first_bread
D:6:      uniq_menkaure
D:7:      the_bakery, makhleb_altar_promises_db, uniq_joseph,
          uniq_crazy_yiuf_cottage
D:8:      corexii_shack_village, nicolae_blasting_shop
D:9:      david_lair_generic, minmay_orc_entry_guard_dogs, serial_shops, shop,
          shop, shop, kennysheep_little_box, shop, uniq_grum
Temple:   nicolae_temple_great_sept
Sewer:    sewer_co_scattered_pipes

Skill      XL: |  1  2  3  4  5  6  7  8 |
---------------+-------------------------+-----
Fighting       | 2 3 4 5 6 |  6.8
Short Blades   | 1 2 |  2.5
Dodging        | 1 2 3 4 |  4.0
Armour         | 1 2 3 |  3.5
Long Blades    | 1 |  1.7
Throwing       | |  1.0
Stealth        | |  3.6
Spellcasting   | |  2.1
Fire Magic     | |  3.0

Action                   |  1- 3 |  4- 6 |  7- 9 || total
-------------------------+-------+-------+-------++-------
Melee: Dagger            |    56 |   184 |   155 ||   395
       Bite              |    11 |    49 |    53 ||   113
 Fire: Blowgun           |    19 |       |       ||    19
Invok: Curse Item        |       |       |     1 ||     1
Evoke: Wand              |       |       |     3 ||     3
  Use: Scroll            |       |     4 |     7 ||    11
       Potion            |       |     2 |     4 ||     6
 Stab: Sleeping          |     1 |       |       ||     1
  Eat: Chunk             |       |     4 |     1 ||     5
       Bread ration      |       |       |     1 ||     1
       Royal jelly       |       |       |     1 ||     1
       Fruit             |       |       |     1 ||     1
Armor: Robe              |    13 |       |       ||    13
       Scale mail        |     7 |    81 |    66 ||   154
Dodge: Dodged            |    29 |    83 |    80 ||   192
